Map: Новое противостояние РВ

Players

MATIS

  • Race: Zerg Zerg
  • League: Diamond
  • Spawn Location: 7:00

IIIIIIIIIIII - Winner!

  • Race: Terran Terran
  • League: Diamond
  • Spawn Location: 1:00

VOD

Have the link to the VOD?

Description

Time

  • Played on: April 17, 2019, 5:02 p.m.
  • Length: 13:04
Show
View Real Time Build Order
Export as new Build Order

MATIS Zerg 

Build Orders: Pool First 

Get SALT Encoding   

  12  0:01  Drone  
  13  0:12  Overlord  
  13  0:17  Drone  
  14  0:30  Drone x2  
  14  0:35  Drone  
  17  0:44  Extractor  
  17  0:47  Spawning Pool  
  17  0:49  Drone  
  16  0:58  Drone  
  17  1:07  Drone  
  18  1:21  Hatchery  
  18  1:23  Drone  
  18  1:32  Drone  
  18  1:39  Zergling x2  
  20  1:42  Queen  
  22  1:52  Metabolic Boost  
  22  1:55  Overlord  
  22  2:25  Evolution Chamber  
  21  2:34  Zergling x4  
  23  2:51  Queen  
  23  2:53  Drone x7  
  23  2:54  Overlord  
  32  3:14  Drone x3  
  35  3:26  Drone x2  
  37  3:32  Zerg Melee Weapons Level 1  
  37  3:35  Baneling Nest  
  36  3:51  Drone x4  
  36  3:52  Drone  
  41  4:06  Hatchery  
  41  4:09  Lair  
  40  4:15  Extractor, Queen  
  41  4:31  Overlord  
  41  4:32  Overlord  
  39  4:43  Zergling x2  
  39  4:44  Zergling x10  
  39  4:45  Zergling x4  
  22  5:08  Drone x2  
  22  5:09  Drone x3  
  27  5:18  Drone x2  
  27  5:19  Drone x2  
  31  5:25  Drone x2  
  31  5:28  Baneling x2  
  33  5:29  Baneling x4  
  33  5:43  Centrifical Hooks  
  33  5:49  Drone x2  
  34  6:02  Drone x2  
  36  6:10  Drone  
  36  6:11  Drone  
  33  6:26  Drone  
  33  6:27  Drone x4  
  38  6:33  Baneling  
  38  6:34  Baneling x3  
  38  6:43  Drone x3  
  41  6:50  Zerg Melee Weapons Level 2  
  41  6:53  Baneling  
  41  6:54  Baneling  
  41  6:55  Baneling  
  41  6:58  Zergling x2  
  41  6:59  Zergling x2  
  32  7:30  Drone x6  
  32  7:31  Drone x4  
  42  7:41  Spore Crawler  
  42  7:43  Spore Crawler  
  36  7:45  Spore Crawler  
  32  7:57  Overseer  
  22  8:13  Pneumatized Carapace  
  22  8:14  Drone x2  
  22  8:15  Drone x3  
  27  8:39  Drone x5  
  32  8:46  Drone  
  33  8:53  Drone x2  
  35  9:17  Drone x6  
  37  9:19  Drone x3  
  37  9:20  Drone  
  37  9:22  Drone  
  46  9:35  Zerg Missile Weapons Level 1  
  46  9:40  Hydralisk Den  
  46  9:44  Overlord  
  45  9:46  Drone x4  
  49  10:10  Muscular Augments, Hydralisk  
  49  10:11  Hydralisk x6  
  63  10:22  Overlord x2  
  63  10:31  Zergling x6  
  63  10:34  Overlord x2  
  66  10:43  Infestation Pit  
  63  10:51  Zergling x2  
  63  10:52  Zergling x30  
  76  11:18  Baneling x5  
  69  11:19  Baneling x14  
  69  11:21  Zergling x2, Grooved Spines  
  69  11:22  Zergling x22  
  45  11:49  Zergling x2  
  45  11:50  Zergling x14  
  45  11:51  Zergling x4  
  53  11:58  Baneling x3  
  53  11:59  Baneling x5  
Show
View Real Time Build Order
Export as new Build Order

IIIIIIIIIIII Terran - Winner!

Build Orders: Reaper Expand, Mech 

Get SALT Encoding   

  12  0:01  SCV  
  13  0:13  SCV  
  14  0:19  Supply Depot  
  14  0:25  SCV  
  15  0:41  SCV  
  15  0:42  Barracks  
  16  0:47  Refinery  
  16  0:53  SCV  
  17  1:05  SCV  
  18  1:17  SCV  
  19  1:29  Reaper  
  19  1:31  Orbital Command  
  20  1:42  Command Center  
  20  1:49  Refinery  
  20  1:56  Supply Depot  
  20  1:58  SCV  
  21  2:02  Marine  
  22  2:11  SCV  
  23  2:17  Factory  
  23  2:29  Barracks Reactor  
  23  2:36  SCV  
  24  2:48  SCV  
  24  2:49  Supply Depot  
  25  3:07  Orbital Command  
  25  3:16  SCV  
  25  3:18  Starport  
  25  3:19  Hellion x2  
  30  3:23  Orbital Command  
  30  3:27  Barracks Tech Lab  
  30  3:28  SCV  
  30  3:33  Factory  
  31  3:41  SCV  
  32  3:45  Hellion  
  32  3:46  Hellion  
  36  3:53  SCV  
  38  4:02  SCV  
  41  4:10  Hellion x2  
  41  4:18  Factory Tech Lab, Factory  
  41  4:21  SCV x2  
  43  4:28  Supply Depot, Refinery  
  45  4:31  Hellion  
  36  5:03  SCV x2  
  34  5:09  Hellion x2  
  34  5:11  Factory Tech Lab  
  34  5:13  Siege Tank  
  36  5:15  SCV  
  36  5:17  Cloaking Field  
  36  5:18  Banshee  
  38  5:25  Supply Depot  
  37  5:30  Hellion x2  
  41  5:40  Supply Depot  
  42  5:50  SCV  
  42  5:54  Siege Tank  
  42  5:56  Orbital Command  
  45  6:01  Banshee  
  45  6:02  SCV  
  49  6:20  Hellion x2  
  49  6:22  SCV x2  
  55  6:32  Orbital Command  
  55  6:34  SCV x2  
  55  6:39  Supply Depot  
  57  6:40  Refinery, Engineering Bay  
  57  6:46  Hellion x2, SCV  
  62  6:56  Factory  
  62  6:57  Starport Reactor  
  62  6:58  SCV x2  
  56  7:28  SCV x2  
  56  7:29  Hellion x2  
  58  7:30  Siege Tank  
  58  7:31  Siege Tank  
  58  7:34  Command Center  
  64  7:40  SCV x2  
  66  7:47  Armory  
  66  7:48  Armory  
  66  7:52  SCV x2  
  67  8:04  SCV x2  
  69  8:13  Refinery  
  69  8:14  Missile Turret  
  69  8:16  SCV  
  69  8:17  Missile Turret, SCV  
  71  8:21  Hellion x2, Siege Tank  
  71  8:24  Infernal Pre-Igniter  
  78  8:28  SCV  
  78  8:29  SCV  
  78  8:32  Supply Depot  
  80  8:35  Terran Vehicle Weapons Level 1, Terran Vehicle And Ship Armor Level 1  
  80  8:43  Viking  
  80  8:44  Viking  
  80  8:47  SCV  
  86  8:50  SCV  
  86  9:01  Thor  
  92  9:07  Thor  
  98  9:11  SCV  
  98  9:14  Widow Mine  
  101  9:19  Hellion x2  
  105  9:25  SCV  
  105  9:26  SCV  
  105  9:27  Orbital Command  
  107  9:36  Hellion  
  109  9:43  Supply Depot  
  109  9:44  Hellion, SCV x2  
  109  9:45  Sensor Tower  
  113  9:49  Supply Depot  
  113  9:56  Hellion x2  
  117  10:01  Refinery  
  117  10:05  Siege Tank, Missile Turret, SCV x3  
  123  10:10  Hellion  
  123  10:11  Hellion  
  127  10:22  Hellion, Siege Tank  
  132  10:37  Supply Depot x2, Factory  
  132  10:40  Terran Vehicle Weapons Level 2  
  132  10:42  Hellion, Terran Vehicle And Ship Armor Level 2  
  134  11:12  Hellion x2, Siege Tank x3  
  134  11:17  SCV x2  
  134  11:18  SCV  
  150  11:29  SCV  
  150  11:31  SCV  
  154  11:32  Hellion  
  154  11:34  Hellion  
  156  11:40  Hellion  
  156  11:44  Hellion, Siege Tank  
  156  11:45  Hellion  
  148  12:01  Hellion x3  
  154  12:06  Missile Turret, Siege Tank  
  154  12:08  Refinery  
  157  12:09  Missile Turret  
  157  12:11  Supply Depot x2  
  157  12:13  Siege Tank, Supply Depot  
  154  12:16  Siege Tank  
Tags
 
Add a new tag
Caveats
  • Supply blocks, unpowered buildings, or Contaminate may cause inaccurate times.
  • Supply counts are checked every 10 seconds.